 Dungeon Crawl Stone Soup version 0.31-a0-816-gd61d57ddb1 (webtiles) character file.

Game seed: 5323716307612943777

70 Maratek the Magician (level 4, -3/24 HPs)
             Began as a Deep Elf Venom Mage on Sept 22, 2023.
             Slain by Sigmund
             ... wielding a +0 scythe
              (6 damage)
             ... on level 2 of the Dungeon.
             The game lasted 00:04:23 (1735 turns).

Maratek the Magician (Deep Elf Venom Mage)          Turns: 1735, Time: 00:04:24

Health: -3/24      AC:  3    Str:  5    XL:     4   Next: 3%
Magic:  9/12       EV: 13    Int: 22    God:
Gold:   94         SH:  0    Dex: 15    Spells: 10/11 levels left

rFire   . . .        n - +0 dagger (freeze)
rCold   + . .        (no shield)
rNeg    . . .        a - +0 robe
rPois   .            (no helmet)
rElec   .            (no cloak)
rCorr   .            (no gloves)
SInv    .            j - +0 pair of boots
Will    .....        (no amulet)
Stlth   ++           h - ring of protection from cold
HPRegen 0.24/turn    (no ring)
MPRegen 0.13/turn

%: no passive effects
@: no status effects
A: no striking features
a: no special abilities


You were on level 2 of the Dungeon.
You visited 1 branch of the dungeon, and saw 2 of its levels.

You collected 94 gold pieces.

Inventory:

Hand Weapons
 n - a +0 dagger of freezing (weapon)
Armour
 a - a +0 robe (worn)
 j - a +0 pair of boots (worn)
Jewellery
 h - a ring of protection from cold (left hand)
Scrolls
 d - a scroll of brand weapon {unknown}
 e - 2 scrolls of poison {unknown}
 g - a scroll of identify {unknown}
 i - a scroll of fog {unknown}
 k - a scroll of amnesia {unknown}
 m - a scroll of teleportation {unknown}
Potions
 b - a potion of magic
 c - a potion of mutation {unknown}
 f - a potion of might {unknown}
 l - a potion of degeneration {unknown}


   Skills:
 + Level 2.7 Dodging
 + Level 2.6 Stealth
 + Level 4.0 Spellcasting
 + Level 2.4 Transmutations
 + Level 4.0 Poison Magic


You had 10 spell levels left.
You knew the following spells:

 Your Spells              Type           Power      Damage    Failure   Level
a - Sting                 Tmut/Pois      72%        1d6       3%          1

Your spell library contained the following spells:

 Spells                   Type           Power      Damage    Failure   Level
 Poisonous Vapours        Pois/Air       26%        N/A       8%          2
 Mephitic Cloud           Conj/Pois/Air  10%        N/A       19%         3
 Olgreb's Toxic Radiance  Pois           22%        N/A       22%         4


Dungeon Overview and Level Annotations

Branches:
Dungeon (2/15)

Altars:

Shops:
D:1 [   D:2 ?

Annotations:
D:2 Sigmund


Message History

Found 2 green potions.
The hobgoblin shouts!
The sting hits the hobgoblin.
The hobgoblin is poisoned.
The hobgoblin is heavily wounded.
Sigmund shouts!
Sigmund's eyes start glowing with a red light.
The hobgoblin closely misses you.
The sting misses the hobgoblin.
The sting hits Sigmund.
Sigmund is poisoned.
Sigmund is lightly wounded.
The hobgoblin closely misses you.
The sting hits the hobgoblin.
The hobgoblin looks even sicker.
You kill the hobgoblin!
Sigmund casts a spell at you.
You are confused.
You're too confused to cast spells.
You're too confused to cast spells.
Sigmund gestures wildly while chanting.
Sigmund flickers and vanishes!
Deactivating autopickup; reactivate with Ctrl-A.
Something hits you but does no damage.
You're too confused to move!
Something hits you.
You feel less confused.
You hear some strange, mumbled words.
Something tries to affect you, but you resist.
You see here 10 gold pieces.
Something hits you.
A magic dart appears from out of thin air!
The magic dart hits you.
You are confused.
You hear some strange, mumbled words.
You are more confused.
You hear some strange, mumbled words.
Something tries to affect you, but you resist.
Something tries to affect you, but you resist.
You feel less confused. Something hits you. Something hits you!
* * * LOW HITPOINT WARNING * * *
Something hits you.
You die...

#........# #........# #........#
####..†.....# #........#
#...........# #........#
#...........#
#....#.#############............
####.#.# #..........$....#.....
#.#.## #..................... #
#.#..# #...{................. #
#.##.###....@..........#.....
#####...∩..#########.#######..!..
...##..#.#....# #.# ###
...#####..###.# ###.# ...##.....#
#.# #...# ...##.#######.# ##.###
...##.#<....#.# #..#
...##.#..##.#.###.##
............#.##..#


There were no monsters in sight!

Vanquished Creatures
  An adder (D:2)
  3 gnolls (D:2)
  An endoplasm (D:2)
  2 giant cockroaches
  5 goblins
  6 hobgoblins
  4 jackals
  3 bats
  A kobold (D:1)
  2 rats (D:2)
28 creatures vanquished.

Notes
Turn   | Place    | Note
-------+----------+-------------------------------------------
     0 | D:1      | Maratek the Deep Elf Venom Mage began the quest for the
                  | Orb.
     0 | D:1      | Reached XP level 1. HP: 10/10 MP: 6/6
   205 | D:1      | Reached XP level 2. HP: 15/15 MP: 4/8
   447 | D:1      | Found Ranyhazu's Armour Emporium.
  1217 | D:2      | Reached XP level 3. HP: 18/19 MP: 0/9
  1354 | D:2      | Found Xusit's Magic Scroll Emporium.
  1698 | D:2      | Noticed Sigmund
  1702 | D:2      | Reached XP level 4. HP: 24/24 MP: 8/12
  1735 | D:2      | Slain by Sigmund

Illustrated notes

Levels and vault maps discovered:
D:1:      minmay_arrival_up_and_down, layout_basic, serial_shops, shop
D:2:      layout_basic, serial_shops, nicolae_shop_crystal, uniq_sigmund,
          uniq_crazy_yiuf_cottage

Skill      XL: |  1  2  3 |
---------------+----------+-----
Transmutations | 2 |  2.4
Spellcasting   | 4 |  4.0
Poison Magic   | 4 |  4.0
Dodging        | |  2.7
Stealth        | |  2.6

Action                     |  1- 3 |  4- 6 || total
---------------------------+-------+-------++-------
   Cast: Sting             |    70 |     3 ||    73
 Armour: Robe              |    21 |     7 ||    28
  Dodge: Dodged            |    32 |     2 ||    34

Table legend: (Time is in decaauts)
 A = Elapsed time spent in this place.
 B = Non-inter-level travel time spent in this place.
 C = Inter-level travel time spent in this place.
 D = Time resting spent in this place.
 E = Time spent auto-exploring this place.
 F = Levels seen in this place.
 G = Mean time per level.
                   A        B        C        D        E       F      G
               +--------+--------+--------+--------+--------+-----+--------+
         Total |   1733 |   1622 |    111 |     78 |   1240 |   2 |  866.5 |
       Dungeon |   1733 |   1622 |    111 |     78 |   1240 |   2 |  866.5 |
               +--------+--------+--------+--------+--------+-----+--------+

Top non-repeatable levels by time:
     D:1: 1198 daAuts
     D:2: 535 daAuts
